 Dungeon Crawl Stone Soup version 0.17.0-7-gfadd4cc (webtiles) character file.

742 Laguna the Basher (level 7, -3/58 HPs)
             Began as a Minotaur Berserker on Nov 7, 2015.
             Was an Elder of Trog.
             Slain by a hound (5 damage)
             ... on level 5 of the Dungeon on Nov 8, 2015.
             The game lasted 00:15:30 (3093 turns).

Laguna the Basher (Minotaur Berserker)              Turns: 3093, Time: 00:15:30

Health: -3/58      AC:  2    Str: 22    XL:     7   Next: 47%
Magic:  6/6        EV: 12    Int:  4    God:    Trog [****..]
Gold:   189        SH:  0    Dex: 11    Spells: 0 memorised, 6 levels left

rFire  . . .     SeeInvis .     n - +2 quarterstaff (chaos)
rCold  . . .     Clarity  .     (no armour)
rNeg   . . .     SustAt   .     (shield currently unavailable)
rPois  .         Gourm    .     (helmet restricted)
rElec  .         Spirit   .     o - +1 cloak
rCorr  .         Warding  .     (no gloves)
rMut   .         Stasis   .     (no boots)
MR     .....                    (no amulet)
Stlth  +.........               (no ring)
                                (no ring)

@: not resistant to hostile enchantments, very unstealthy
A: retaliatory headbutt, horns 2
a: Berserk, Trog's Hand, Brothers in Arms, Burn Spellbooks, Renounce Religion


You were on level 5 of the Dungeon.
You worshipped Trog.
Trog was greatly pleased with you.
You were not hungry.

You visited 1 branch of the dungeon, and saw 5 of its levels.

You collected 189 gold pieces.

Inventory:

Hand Weapons
 a - a +0 mace
 i - a +0 mace
 n - a +2 quarterstaff of chaos (weapon)
 u - a +0 glaive
 v - a +0 whip
Armour
 b - a +0 animal skin
 l - a +0 shield
 o - a +1 cloak (worn)
 y - a +0 leather armour
Jewellery
 g - an uncursed ring of flight {unknown}
Wands
 B - a wand of draining (5)
Scrolls
 m - a scroll of fear {unknown}
 p - 2 scrolls of amnesia
 s - a scroll of teleportation
 C - a scroll of magic mapping
 D - a scroll of blinking {unknown}
 E - a scroll of enchant armour
Potions
 d - a potion of cure mutation {unknown}
 e - a potion of degeneration {unknown}
 h - a potion of curing {unknown}
 j - a potion of invisibility {unknown}
 k - a potion of agility {unknown}
 q - a potion of brilliance {unknown}
 r - 2 potions of poison {unknown}
 w - a potion of heal wounds {unknown}
 A - a potion of resistance {unknown}
 F - a potion of ambrosia {unknown}
 G - a potion of berserk rage {unknown}
Comestibles
 c - 2 bread rations
 f - a meat ration
 t - 4 fruits
 x - a royal jelly
 H - a slice of pizza


   Skills:
 - Level 3.7 Fighting
 - Level 8.4(9.2) Maces & Flails
 * Level 5.8(7.9) Staves
 - Level 2.5 Armour
 - Level 2.1 Dodging
 - Level 1.2 Stealth


You had 6 spell levels left.
You didn't know any spells.

Dungeon Overview and Level Annotations

Branches:
Dungeon (5/15)
 Temple: D:4-7

Altars:
Nemelex Xobeh
Trog


Innate Abilities, Weirdness & Mutations

You reflexively headbutt those who attack you in melee.
You have a pair of horns on your head.


Message History

The hound completely misses you. The hound barely misses you.
The hound bites you. The hound bites you.
* * * LOW HITPOINT WARNING * * *
The hound barely misses you. The hound barely misses you. The hound bites you.
* * * LOW HITPOINT WARNING * * *
The hound barely misses you. The hound bites you.
* * * LOW HITPOINT WARNING * * *
The hound bites you.
* * * LOW HITPOINT WARNING * * *
The hound closely misses you. The hound bites you.
* * * LOW HITPOINT WARNING * * *
The hound bites you.
* * * LOW HITPOINT WARNING * * *
The hound bites you.
You die...

..### #.#..
#.#.# #.#.#
#.#.# # #
#.#.# .##.##
#<#.####......
#.....†.....#
###...@######
####h# #.# #.#
... ###


You could see a hound.

Vanquished Creatures
  Menkaure (D:4)
  An ogre (D:4)
  A killer bee (D:3)
  A hound (D:5)
  2 orc priests (D:3)
  A giant frog zombie (D:5)
  Crazy Yiuf (D:2)
  A giant frog skeleton (D:4)
  2 iguanas (D:4)
  Natasha (thrice) (D:4)
  A worker ant (D:4)
  4 gnolls (D:2)
  5 adders
  An ooze (D:3)
  An adder skeleton (D:4)
  8 giant geckos
  5 orcs
  A ball python (D:4)
  8 bats
  7 giant cockroaches
  10 goblins
  10 hobgoblins
  A quokka (D:2)
  A ball python skeleton (D:4)
  6 giant newts
  4 jackals (D:4)
  12 kobolds
  7 rats
106 creatures vanquished.

Vanquished Creatures (others)
  A fungus (D:4)
1 creature vanquished.

Grand Total: 107 creatures vanquished

Notes
Turn   | Place    | Note
--------------------------------------------------------------
     0 | D:1      | Laguna the Minotaur Berserker began the quest for the Orb.
     0 | D:1      | Reached XP level 1. HP: 19/19 MP: 0/0
   122 | D:1      | Reached skill level 4 in Maces & Flails
   253 | D:1      | Reached XP level 2. HP: 20/27 MP: 1/1
   761 | D:2      | Noticed Crazy Yiuf
   767 | D:2      | Killed Crazy Yiuf
   767 | D:2      | Reached ** piety under Trog
   767 | D:2      | Reached skill level 5 in Maces & Flails
   767 | D:2      | Reached XP level 3. HP: 33/33 MP: 2/2
   820 | D:2      | Reached XP level 4. HP: 40/40 MP: 3/3
   823 | D:2      | Reached skill level 6 in Maces & Flails
   962 | D:2      | Noticed Jessica
   970 | D:2      | Noticed Jessica
   970 | D:2      | Jessica changed into Jessica the rat
   970 | D:2      | Killed Jessica the rat
  1097 | D:2      | Found a bloodstained altar of Trog.
  1097 | D:2      | Found a sparkling altar of Nemelex Xobeh.
  1507 | D:3      | Reached XP level 5. HP: 40/46 MP: 4/4
  1534 | D:3      | Reached *** piety under Trog
  1570 | D:3      | Reached skill level 7 in Maces & Flails
  1572 | D:3      | Reached skill level 1 in Staves
  1787 | D:3      | Found a glowing drain.
  1984 | D:3      | Noticed Terence
  1990 | D:3      | Noticed Terence
  1990 | D:3      | Terence changed into Terence the killer bee
  1992 | D:3      | Killed Terence the killer bee
  1992 | D:3      | Reached XP level 6. HP: 41/52 MP: 5/5
  2191 | D:4      | Noticed Natasha
  2196 | D:4      | Killed Natasha
  2197 | D:4      | Noticed Menkaure
  2201 | D:4      | Killed Menkaure
  2201 | D:4      | Reached skill level 8 in Maces & Flails
  2201 | D:4      | Reached skill level 1 in Stealth
  2314 | D:4      | Reached XP level 7. HP: 45/58 MP: 6/6
  2368 | D:4      | Noticed Natasha
  2375 | D:4      | Killed Natasha
  2402 | D:4      | Reached **** piety under Trog
  2643 | D:4      | Reached skill level 5 in Staves
  2857 | D:4      | Noticed Natasha
  2861 | D:4      | Killed Natasha
  2985 | D:4      | Upgraded the game from 0.17.0 to 0.17.0-7-gfadd4cc
  3053 | D:5      | Entered Level 5 of the Dungeon
  3093 | D:5      | HP: 2/58 [hound (3)]
  3093 | D:5      | Slain by a hound

Action                   |  1- 3 |  4- 6 |  7- 9 || total
-------------------------+-------+-------+-------++-------
Melee: Mace              |    50 |       |       ||    50
       Quarterstaff      |     3 |   110 |    46 ||   159
Invok: Berserk           |       |     1 |     1 ||     2
  Use: Scroll            |       |     3 |     3 ||     6
 Stab: Sleeping          |       |     1 |     1 ||     2
  Eat: Chunk             |       |     6 |     3 ||     9
